| TOP OF THE 1ST |
|
Altoona Curve batting - Pitching for Harrisburg Senators : RHP Matt Seivert
|
|
Pitching: RHP Matt Seivert
|
|
|
Batting: RHB Terrence Wilson
|
0-0: Fly out, F4 (Line Drive, 4M, EV 68.1 MPH)
|
|
Batting: LHB Phil DeCamp
|
0-0: Ball 1-0: Called Strike 1-1: Fly out, F8 (Line Drive, 89S, EV 98.8 MPH)
|
|
Batting: LHB Carlos Vega
|
0-0: Called Strike 0-1: Foul Ball, location: 2F 0-2: SINGLE (Line Drive, 34, EV 99.4 MPH)
|
|
Batting: LHB Joe Wise
|
0-0: Ball 1-0: SINGLE (Groundball, 6M, EV 110.0 MPH) Carlos Vega to second Runner from 2nd tries for 3rd, SAFE, throw by CF made to third Joe Wise to second
|
|
Batting: RHB Alex Arzate
|
0-0: Foul Ball, location: 2F 0-1: Swinging Strike 0-2: Strikes out swinging
|
| Top of the 1st over - 0 runs, 2 hits, 0 errors, 2 left on base; Altoona 0 - Harrisburg 0 |
| BOTTOM OF THE 1ST |
|
Harrisburg Senators batting - Pitching for Altoona Curve : RHP Kyle Davis
|
|
Pitching: RHP Kyle Davis
|
|
|
Batting: RHB Pat Barton
|
0-0: Ball 1-0: Called Strike 1-1: Ground out U3 (Groundball, 34, EV 85.0 MPH)
|
|
Batting: RHB Er Le
|
0-0: Ball 1-0: SINGLE (Groundball, 56S, EV 69.4 MPH) (infield hit)
|
|
Batting: LHB Doug Anderson
|
0-0: Ball 1-0: Ball 2-0: Fly out, F9 (Flyball, 9, EV 91.2 MPH)
|
|
Batting: RHB Leo Gutierrez
|
0-0: Swinging Strike 0-1: Ball 1-1: Called Strike 1-2: Ball 2-2: Ball 3-2: Base on Balls Er Le to second
|
|
Batting: LHB Chance McWilliams
|
0-0: Called Strike 0-1: Called Strike 0-2: SINGLE (Line Drive, 34D, EV 101.9 MPH) Er Le to third Leo Gutierrez to second
|
|
Batting: LHB Vince McLane
|
0-0: Called Strike 0-1: Ball 1-1: Ball Wild Pitch! Er Le scores Leo Gutierrez to third Chance McWilliams to second 2-1: Called Strike 2-2: DOUBLE (Line Drive, 78M, EV 98.8 MPH) Leo Gutierrez scores Chance McWilliams scores
|
|
Batting: SHB Curtis DeLille
|
0-0: Ball 1-0: Ball 2-0: Called Strike 2-1: Foul Ball, location: 2F 2-2: Strikes out looking
|
| Bottom of the 1st over - 3 runs, 3 hits, 0 errors, 1 left on base; Altoona 0 - Harrisburg 3 |
| TOP OF THE 2ND |
|
Altoona Curve batting - Pitching for Harrisburg Senators : RHP Matt Seivert
|
|
Batting: LHB Mike Handrahan
|
0-0: Ball 1-0: Ground out 4-3 (Groundball, 4, EV 83.8 MPH)
|
|
Batting: RHB Jaime Dubicki
|
0-0: Called Strike 0-1: Ball 1-1: Ball 2-1: Swinging Strike 2-2: Strikes out swinging
|
|
Batting: RHB Steve Terres
|
0-0: Ball 1-0: Ball 2-0: Called Strike 2-1: Ball 3-1: Called Strike 3-2: Foul Ball, location: 2F 3-2: Base on Balls
|
|
Batting: RHB Joe Young
|
0-0: Called Strike 0-1: Hit by Pitch Steve Terres to second
|
|
Batting: RHB Terrence Wilson
|
0-0: SINGLE (Groundball, 25, EV 74.4 MPH) (infield hit) Steve Terres to third Joe Young to second
|
|
Batting: LHB Phil DeCamp
|
0-0: Fielders Choice at 2nd, 6-4 (Groundball, 4M, EV 80.0 MPH)
|
| Top of the 2nd over - 0 runs, 1 hit, 0 errors, 3 left on base; Altoona 0 - Harrisburg 3 |
| BOTTOM OF THE 2ND |
|
Harrisburg Senators batting - Pitching for Altoona Curve : RHP Kyle Davis
|
|
Batting: RHB Antonio Vallez
|
0-0: Swinging Strike 0-1: Ball 1-1: Ball 2-1: Ground out 4-3 (Groundball, 4, EV 88.8 MPH)
|
|
Batting: RHB Jelexiz Cuenca
|
0-0: Ball 1-0: Ball 2-0: Foul Ball, location: 2F 2-1: Foul Ball, location: 2F 2-2: SINGLE (Groundball, 6MD, EV 110.0 MPH)
|
|
Batting: RHB Pat Barton
|
0-0: Ball 1-0: Foul Ball, location: 2F 1-1: Ball 2-1: SINGLE (Groundball, 56, EV 100.6 MPH) Jelexiz Cuenca to second
|
|
Batting: RHB Er Le
|
0-0: Ball 1-0: Ball 2-0: Ground out 6-3 (Groundball, 6M, EV 101.2 MPH) Jelexiz Cuenca to third Pat Barton to second
|
|
Batting: LHB Doug Anderson
|
0-0: Ball 1-0: Ground out 6-3 (Groundball, 6, EV 107.5 MPH)
|
| Bottom of the 2nd over - 0 runs, 2 hits, 0 errors, 2 left on base; Altoona 0 - Harrisburg 3 |
| TOP OF THE 3RD |
|
Altoona Curve batting - Pitching for Harrisburg Senators : RHP Matt Seivert
|
|
Batting: LHB Carlos Vega
|
0-0: Ball 1-0: Ball 2-0: Ground out U3 (Groundball, 3L, EV 103.8 MPH)
|
|
Batting: LHB Joe Wise
|
0-0: Swinging Strike 0-1: Swinging Strike 0-2: Foul Ball, location: 2F 0-2: Ball 1-2: Ball 2-2: Ground out 4-3 (Groundball, 4, EV 90.6 MPH)
|
|
Batting: RHB Alex Arzate
|
0-0: Called Strike 0-1: Ball 1-1: Called Strike 1-2: Strikes out swinging
|
| Top of the 3rd over - 0 runs, 0 hits, 0 errors, 0 left on base; Altoona 0 - Harrisburg 3 |
| BOTTOM OF THE 3RD |
|
Harrisburg Senators batting - Pitching for Altoona Curve : RHP Kyle Davis
|
|
Batting: RHB Leo Gutierrez
|
0-0: Foul Ball, location: 2F 0-1: Foul Ball, location: 2F 0-2: Ball 1-2: Ball 2-2: Ball 3-2: Strikes out looking
|
|
Batting: LHB Chance McWilliams
|
0-0: Ball 1-0: Ball 2-0: Ground out 4-3 (Groundball, 4, EV 75.6 MPH)
|
|
Batting: LHB Vince McLane
|
0-0: Foul Ball, location: 2F 0-1: Ball 1-1: Ground out U3 (Groundball, 34S, EV 83.8 MPH)
|
| Bottom of the 3rd over - 0 runs, 0 hits, 0 errors, 0 left on base; Altoona 0 - Harrisburg 3 |
| TOP OF THE 4TH |
|
Altoona Curve batting - Pitching for Harrisburg Senators : RHP Matt Seivert
|
|
Batting: LHB Mike Handrahan
|
0-0: Called Strike 0-1: Fly out, F6 (Popup, 4M, EV 55.6 MPH)
|
|
Batting: RHB Jaime Dubicki
|
0-0: Ground out 6-3 (Groundball, 56, EV 106.2 MPH)
|
|
Batting: RHB Steve Terres
|
0-0: Ball 1-0: Called Strike 1-1: SINGLE (Line Drive, 7LS, EV 91.9 MPH)
|
|
Batting: RHB Joe Young
|
0-0: Fly out, F8 (Flyball, 8LM, EV 80.6 MPH)
|
| Top of the 4th over - 0 runs, 1 hit, 0 errors, 1 left on base; Altoona 0 - Harrisburg 3 |
| BOTTOM OF THE 4TH |
|
Harrisburg Senators batting - Pitching for Altoona Curve : RHP Kyle Davis
|
|
Batting: SHB Curtis DeLille
|
0-0: Ball 1-0: Swinging Strike 1-1: Ball 2-1: Ground out 5-3 (Groundball, 5, EV 98.1 MPH)
|
|
Batting: RHB Antonio Vallez
|
0-0: Ball 1-0: Ball 2-0: Ball 3-0: Base on Balls
|
|
Batting: RHB Jelexiz Cuenca
|
0-0: Called Strike 0-1: Called Strike 0-2: Ball 1-2: Ball 2-2: Strikes out swinging
|
|
Batting: RHB Pat Barton
|
0-0: Ball 1-0: Called Strike 1-1: Foul Ball, location: 2F 1-2: Ball 2-2: Foul Ball, location: 2F 2-2: Strikes out swinging
|
| Bottom of the 4th over - 0 runs, 0 hits, 0 errors, 1 left on base; Altoona 0 - Harrisburg 3 |
| TOP OF THE 5TH |
|
Altoona Curve batting - Pitching for Harrisburg Senators : RHP Matt Seivert
|
|
Batting: RHB Terrence Wilson
|
0-0: Ball 1-0: SINGLE (Groundball, 34D, EV 106.2 MPH)
|
|
Batting: LHB Phil DeCamp
|
0-0: Ball 1-0: Called Strike 1-1: Ball Terrence Wilson steals 2nd base (no throw) 2-1: Foul Ball, location: 2F 2-2: Foul Ball, location: 2F 2-2: Ball 3-2: Strikes out swinging
|
|
Batting: LHB Carlos Vega
|
0-0: Foul Ball, location: 2F 0-1: Ground out 6-3 (Groundball, 6, EV 83.8 MPH) Terrence Wilson to third
|
|
Batting: LHB Joe Wise
|
0-0: Ground out 4-3 (Groundball, 4, EV 79.4 MPH)
|
| Top of the 5th over - 0 runs, 1 hit, 0 errors, 1 left on base; Altoona 0 - Harrisburg 3 |
| BOTTOM OF THE 5TH |
|
Harrisburg Senators batting - Pitching for Altoona Curve : RHP Kyle Davis
|
|
Batting: RHB Er Le
|
0-0: Called Strike 0-1: Foul Ball, location: 2F 0-2: Ball 1-2: Ball 2-2: Strikes out swinging
|
|
Batting: LHB Doug Anderson
|
0-0: Swinging Strike 0-1: Foul Ball, location: 2F 0-2: SINGLE (Groundball, 25, EV 69.4 MPH) (infield hit)
|
|
Batting: RHB Leo Gutierrez
|
0-0: Swinging Strike 0-1: Ball 1-1: Ball 2-1: Foul Ball, location: 2F 2-2: Strikes out swinging
|
|
Batting: LHB Chance McWilliams
|
0-0: Ball 1-0: Ball Doug Anderson is caught stealing 2nd base 2-6
|
| Bottom of the 5th over - 0 runs, 1 hit, 0 errors, 0 left on base; Altoona 0 - Harrisburg 3 |
| TOP OF THE 6TH |
|
Altoona Curve batting - Pitching for Harrisburg Senators : RHP Matt Seivert
|
|
Batting: RHB Alex Arzate
|
0-0: Ball 1-0: Swinging Strike 1-1: Ball 2-1: Fly out, F7 (Line Drive, 7LM, EV 93.1 MPH)
|
|
Batting: LHB Mike Handrahan
|
0-0: Called Strike 0-1: Ground out 6-3 (Groundball, 4, EV 83.1 MPH)
|
|
Batting: RHB Jaime Dubicki
|
0-0: Ball 1-0: Foul Ball, location: 2F 1-1: DOUBLE (Line Drive, 8LD, EV 105.6 MPH)
|
|
Batting: RHB Steve Terres
|
0-0: Fly out, F9 (Flyball, 89M, EV 93.1 MPH)
|
| Top of the 6th over - 0 runs, 1 hit, 0 errors, 1 left on base; Altoona 0 - Harrisburg 3 |
| BOTTOM OF THE 6TH |
|
Harrisburg Senators batting - Pitching for Altoona Curve : RHP Kyle Davis
|
|
Batting: LHB Chance McWilliams
|
0-0: Ball 1-0: Ball 2-0: Foul Ball, location: 2F 2-1: Foul Ball, location: 2F 2-2: Ball 3-2: Strikes out looking
|
|
Pitching: RHP Shuuhei Watanabe
|
|
|
Batting: LHB Vince McLane
|
0-0: Ball 1-0: Ball 2-0: Ball 3-0: Base on Balls
|
|
Batting: SHB Curtis DeLille
|
0-0: Ball 1-0: Called Strike 1-1: Ball Vince McLane steals 2nd base (no throw) 2-1: Called Strike 2-2: Ball 3-2: Fly out, F5 (Popup, 5F, EV 65.0 MPH)
|
|
Batting: RHB Antonio Vallez
|
0-0: Swinging Strike 0-1: Swinging Strike 0-2: Strikes out looking
|
| Bottom of the 6th over - 0 runs, 0 hits, 0 errors, 1 left on base; Altoona 0 - Harrisburg 3 |
| TOP OF THE 7TH |
|
Altoona Curve batting - Pitching for Harrisburg Senators : RHP Matt Seivert
|
|
Batting: RHB Joe Young
|
0-0: Ball 1-0: Ground out 4-3 (Groundball, 4, EV 90.6 MPH)
|
|
Batting: RHB Terrence Wilson
|
0-0: Called Strike 0-1: Called Strike 0-2: Ball 1-2: Strikes out swinging
|
|
Batting: LHB Phil DeCamp
|
0-0: Ball 1-0: Ground out U3 (Groundball, 3, EV 81.9 MPH)
|
| Top of the 7th over - 0 runs, 0 hits, 0 errors, 0 left on base; Altoona 0 - Harrisburg 3 |
| BOTTOM OF THE 7TH |
|
Harrisburg Senators batting - Pitching for Altoona Curve : RHP Shuuhei Watanabe
|
|
Batting: RHB Jelexiz Cuenca
|
0-0: Ball 1-0: Called Strike 1-1: Ball 2-1: SINGLE (Popup, 5D, EV 46.9 MPH)
|
|
Batting: RHB Pat Barton
|
0-0: Grounds into double play, 4-6-3 (Groundball, 4, EV 107.5 MPH)
|
|
Batting: RHB Er Le
|
0-0: Ground out 1-3 (Groundball, 13S, EV 68.8 MPH)
|
| Bottom of the 7th over - 0 runs, 1 hit, 0 errors, 0 left on base; Altoona 0 - Harrisburg 3 |
| TOP OF THE 8TH |
|
Altoona Curve batting - Pitching for Harrisburg Senators : RHP Matt Seivert
|
|
Now in LF: Chance McWilliams
|
|
|
Now in CF: Chris Williams
|
|
|
Batting: LHB Carlos Vega
|
0-0: Ball 1-0: Ball 2-0: Ball 3-0: Called Strike 3-1: Base on Balls
|
|
Batting: LHB Joe Wise
|
0-0: Called Strike 0-1: Ball Wild Pitch! Carlos Vega to second 1-1: Ball 2-1: Ground out 4-3 (Groundball, 4S, EV 75.6 MPH) Carlos Vega to third
|
|
Batting: RHB Alex Arzate
|
0-0: Ground out 6-3 (Groundball, 56, EV 108.1 MPH) Carlos Vega scores
|
|
Batting: LHB Mike Handrahan
|
0-0: Ball 1-0: Ball 2-0: Called Strike 2-1: Foul Ball, location: 2F 2-2: Fly out, F7 (Flyball, 7, EV 78.8 MPH)
|
| Top of the 8th over - 1 run, 0 hits, 0 errors, 0 left on base; Altoona 1 - Harrisburg 3 |
| BOTTOM OF THE 8TH |
|
Harrisburg Senators batting - Pitching for Altoona Curve : RHP Shuuhei Watanabe
|
|
Batting: LHB Doug Anderson
|
0-0: Ball 1-0: Ball 2-0: Called Strike 2-1: Called Strike 2-2: Foul Ball, location: 2F 2-2: Strikes out looking
|
|
Batting: LHB Chris Williams
|
0-0: Ground out 5-3 (Groundball, 5, EV 78.8 MPH)
|
|
Batting: LHB Chance McWilliams
|
0-0: Ball 1-0: SINGLE (Line Drive, 89S, EV 92.5 MPH)
|
|
Batting: LHB Vince McLane
|
0-0: Ground out 4-3 (Groundball, 34, EV 110.6 MPH)
|
| Bottom of the 8th over - 0 runs, 1 hit, 0 errors, 1 left on base; Altoona 1 - Harrisburg 3 |
| TOP OF THE 9TH |
|
Altoona Curve batting - Pitching for Harrisburg Senators : RHP Matt Seivert
|
|
Pitching: RHP Caleb Westbay
|
|
|
Batting: RHB Jaime Dubicki
|
0-0: Swinging Strike 0-1: Ball 1-1: Ball 2-1: Called Strike 2-2: Strikes out swinging
|
|
Batting: RHB Steve Terres
|
0-0: Swinging Strike 0-1: Ball 1-1: Ground out U3 (Groundball, 3S, EV 65.6 MPH)
|
|
Batting: RHB Joe Young
|
0-0: Called Strike 0-1: SINGLE (Groundball, 6, EV 98.8 MPH)
|
|
Batting: RHB Terrence Wilson
|
0-0: Fly out, F6 (Line Drive, 6M, EV 71.9 MPH)
|
| Top of the 9th over - 0 runs, 1 hit, 0 errors, 1 left on base; Altoona 1 - Harrisburg 3 |
|